 Dungeon Crawl Stone Soup version 0.18-b1-22-ge198996 (webtiles) character file.

646 GreamJoe the Shield-Bearer (level 7, -1/63 HPs)
             Began as a Deep Dwarf Fighter on May 3, 2016.
             Killed by nerve-wracking pain
             ... invoked by an orc priest
              (9 damage)
             ... on level 4 of the Dungeon.
             The game lasted 00:14:34 (3650 turns).

GreamJoe the Shield-Bearer (Deep Dwarf Fighter)     Turns: 3650, Time: 00:14:37

Health: -1/63      AC: 16    Str: 20 (21) XL:     7   Next: 27%
Magic:  6/6        EV:  5    Int:  9      God:
Gold:   234        SH: 10    Dex: 12      Spells: 0 memorised, 6 levels left

rFire  . . .     SeeInvis .     v - +0 mace (curse)
rCold  . . .     Gourm    .     m - +0 plate armour
rNeg   + . .     Faith    .     c - +0 shield
rPois  .         Spirit   .     (no helmet)
rElec  .         Dismiss  .     (no cloak)
rCorr  .         Reflect  .     (no gloves)
SustAt .         Harm     .     (no boots)
MR     +....                    x - amulet of magic regeneration
Stlth  ..........               n - +4 ring of protection
                                s - ring of positive energy

@: non-regenerating, somewhat resistant to hostile enchantments, extremely
unstealthy
A: damage resistance, recharge devices, sense surroundings 1, slow regeneration
3
a: Device Recharging


You were on level 4 of the Dungeon.
You were full.

You visited 1 branch of the dungeon, and saw 4 of its levels.

You collected 234 gold pieces.

Inventory:

Hand Weapons
 a - a +0 trident
 f - a +0 club
 g - a +0 spear
 j - a +0 giant club
 r - a cursed +0 morningstar
 v - a cursed +0 mace (weapon)
Missiles
 i - 4 javelins (quivered)
 z - a throwing net
Armour
 b - a +0 scale mail
 c - a +0 shield (worn)
 m - a +0 plate armour (worn)
Jewellery
 n - a +4 ring of protection (right hand)
 s - a ring of positive energy (left hand)
 x - an amulet of magic regeneration (around neck)
Wands
 e - a wand of heal wounds (1/9)
 o - a wand of flame (30/48)
Scrolls
 h - 2 scrolls of random uselessness {unknown}
 k - 3 scrolls of enchant armour {unknown}
 l - 3 scrolls of identify {unknown}
 p - 3 scrolls of remove curse {unknown}
 t - a scroll of enchant weapon {unknown}
 u - a scroll of fear {unknown}
 y - 2 scrolls of immolation {unknown}
Potions
 d - 2 potions of might
Comestibles
 q - 2 bread rations
 w - a meat ration


   Skills:
 + Level 3.9 Fighting
 + Level 1.4 Maces & Flails
 + Level 2.5 Polearms
 + Level 5.4 Armour
 + Level 1.8 Dodging
 + Level 6.3 Shields
 + Level 1.1 Evocations


You had 6 spell levels left.
You didn't know any spells.

Dungeon Overview and Level Annotations

Branches:
Dungeon (4/15)
 Temple: D:4-7

Altars:
Gozag


Innate Abilities, Weirdness & Mutations

You are resistant to damage.
You can recharge devices by infusing magical energy.
You passively map a small area around you.
You do not regenerate naturally.


Message History

Something hits you but does no damage.
You closely miss the orc priest.
The orc priest is almost dead.
You block the orc priest's attack. You block the orc warrior's attack.
You hear some strange, mumbled words.
Something tries to affect you, but you resist.
The orc priest barely misses you.
Your plate armour prevents you from hitting the orc priest.
The orc priest is almost dead.
You hear some strange, mumbled words.
A magic dart appears from out of thin air!
The magic dart hits you! You block the orc warrior's attack.
You block the orc priest's attack. Something hits you but does no damage.
You barely miss the orc priest.
The orc priest is almost dead.
The orc warrior hits you with a halberd!
* * * LOW HITPOINT WARNING * * *
The orc priest calls down the wrath of Beogh upon you.
Pain shoots through your body!
You die...

#...............###.####.#
#....############ #.# #.#
##.#...# #.# #.####
...###.# #.# #....# ####
#.# #.# ####.# #.# #.# #.#
#.############.# #.#
#.##......{o...#######.#
####.##.####oo@.(.(.......#
#.......## #.###########..#
#........# #.# #).#
###........###o# #..#
#..........†.o{# #..#
#.#........##..# #..#
#.#........##..# #..#
#.#........##..# #..#
#.####.###.##..#
########..#


You could see an orc warrior, an orc priest and an orc.

Vanquished Creatures
  An ogre (D:4)
  A scorpion (D:4)
  2 howler monkeys (D:4)
  An orc priest (D:3)
  A hound (D:4)
  Jessica (D:2)
  An iguana (D:4)
  A worker ant (D:4)
  Terence (D:2)
  8 adders
  6 gnolls
  A river rat (D:3)
  An ooze (D:1)
  4 worms (D:2)
  3 dart slugs
  A giant gecko (D:3)
  9 orcs
  3 ball pythons
  4 giant cockroaches
  7 goblins
  12 hobgoblins
  6 jackals
  7 kobolds
  4 quokkas (D:2)
  6 bats
  7 giant newts
  A quokka skeleton (D:4)
  14 rats
  2 fungi (D:1)
116 creatures vanquished.

Notes
Turn   | Place    | Note
--------------------------------------------------------------
     0 | D:1      | GreamJoe the Deep Dwarf Fighter began the quest for the Orb.
     0 | D:1      | Reached XP level 1. HP: 20/20 MP: 1/1
   240 | D:1      | Reached XP level 2. HP: 22/27 MP: 2/2
   623 | D:1      | Reached XP level 3. HP: 25/34 MP: 3/3
   918 | D:2      | Noticed Jessica
   927 | D:2      | Killed Jessica
   927 | D:2      | Reached skill level 4 in Shields
  1042 | D:2      | Reached XP level 4. HP: 18/42 MP: 4/4
  1206 | D:2      | Reached skill level 1 in Dodging
  1555 | D:2      | Noticed Terence
  1574 | D:2      | Killed Terence
  1574 | D:2      | Reached XP level 5. HP: 24/49 MP: 5/5
  2136 | D:3      | Reached skill level 1 in Evocations
  2283 | D:3      | Reached skill level 5 in Shields
  2509 | D:3      | Reached XP level 6. HP: 21/56 MP: 6/6
  2511 | D:3      | Found a glowing drain.
  3099 | D:4      | Reached skill level 5 in Armour
  3197 | D:4      | Reached skill level 6 in Shields
  3197 | D:4      | Reached XP level 7. HP: 34/63 MP: 6/6
  3466 | D:4      | Found an opulent altar of Gozag.
  3515 | D:4      | Reached skill level 1 in Maces & Flails
  3650 | D:4      | Killed from afar by an orc priest

Skill      XL: |  1  2  3  4  5  6  7 |
---------------+----------------------+-----
Fighting       | 3 |  3.9
Polearms       | 2 |  2.5
Shields        | 4 5 6 |  6.3
Armour         | 4 5 |  5.4
Dodging        | 1 |  1.8
Evocations     | 1 |  1.1
Maces & Flails | 1 |  1.4

Action                   |  1- 3 |  4- 6 |  7- 9 || total
-------------------------+-------+-------+-------++-------
Melee: Trident           |   115 |   388 |       ||   503
       Mace              |       |    98 |    62 ||   160
 Abil: Device Recharging |       |     1 |       ||     1
Evoke: Wand              |       |     6 |     5 ||    11
  Use: Potion            |       |     4 |       ||     4
  Eat: Bread ration      |     1 |       |     1 ||     2
       Meat ration       |       |     1 |       ||     1
       Beef jerky        |       |     1 |       ||     1
Armor: Scale mail        |    33 |       |       ||    33
       Plate armour      |    38 |   409 |    39 ||   486
Dodge: Dodged            |    24 |   100 |    19 ||   143
Block: Shield            |    67 |   329 |    41 ||   437
